[Event "*** Titled Tuesday 3|2 Blitz"]
[Site "Chess.com"]
[Date "2016.02.02"]
[Round "2"]
[White "LADIESGET2KNOWME"]
[Black "KyronGriffith"]
[Result "1/2-1/2"]
[WhiteElo "2331"]
[BlackElo "2260"]
[TimeControl "180+2"]
[EndTime "11:26:42 PST"]
[Termination "Game drawn - insufficient material"]

1. d4 d5 2. Nc3 Nf6 3. Bg5 Nbd7 4. Nf3 h6 5. Bh4 e6 6. e3 Be7 7. Bd3 O-O 8. Qe2 c5 9. dxc5 Nxc5 10. O-O-O Nxd3+ 11. cxd3 Nd7 12. Bxe7 Qxe7 13. e4 dxe4 14. dxe4 b6 15. Kb1 Bb7 16. Nd4 Rfd8 17. f3 Rac8 18. Ndb5 Ba6 19. Qe3 Ne5 20. a3 Nc4 21. Qf2 Bxb5 22.
Nxb5 a6 23. Nd4 Qc5 24. Qg1 e5 25. Nb3 Nxa3+ 26. Ka2 Qc2 27. Rxd8+ Rxd8 28. Kxa3 b5 29. Qc1 Qxg2 30. Rg1 Qxf3 31. Qxh6 g6 32. Rg3 Qxe4 33.
Nc5 b4+ 34. Ka2 Qc4+ 35. Nb3 Qe6 36. Qe3 a5 37. Kb1 a4 38. Nc1 Rc8 39. Qd3 e4 40.
Qd2 a3 41. Re3 axb2 42. Kxb2 Qc4 43. Nb3 Qc3+ 44. Rxc3 bxc3+ 45. Qxc3 Rxc3 46. Kxc3 f5 47. Kd4 Kg7 48. Ke5 Kh6 49. Nd4 Kg5 50. Ne2 Kg4 51. Nf4 g5 52. Ne2 Kh3 53. Kxf5 Kxh2 54. Kxg5 Kg2 55. Kf4 Kf2 56. Nc3 e3 57. Ke4 e2 58.
Nxe2 1/2-1/2

[Event "*** Titled Tuesday 3|2 Blitz"]
[Site "Chess.com"]
[Date "2016.02.02"]
[Round "2"]
[White "AnthonyWirig"]
[Black "arnacman"]
[Result "1-0"]
[WhiteElo "2539"]
[BlackElo "2236"]
[TimeControl "180+2"]
[EndTime "11:26:43 PST"]
[Termination "AnthonyWirig won by resignation"]

1. d4 d5 2. Nf3 Nf6 3. e3 c5 4. dxc5 e6 5. a3 Bxc5 6. b4 Be7 7. c4 dxc4 8. Qxd8+ Bxd8 9. Bxc4 a6 10. Bb2 b5 11. Be2 Bb7 12. Nbd2 O-O 13. Nb3 Bb6 14. O-O Nbd7 15. Rac1 Rfc8 16. Bd4 Bd5 17. Bxb6 Nxb6 18. Na5 Nc4 19. Bxc4 Bxc4 20. Rfe1 Bd5 21. Nd2 Ne4 22. Nxe4 Bxe4 23. f3 Bg6 24. Kf2 Kf8 25.
e4 f6 26. Ke3 Be8 27. e5 Ke7 28. exf6+ gxf6 29. g4 Bd7 30. Nb3 Rxc1 31. Rxc1 Kd6 32. Rd1+ Ke7 33. Rc1 Kd6 34. h3 Bc6 35. Nd4 Bd5 36.
f4 Kd7 37. h4 Rc8 38. Rxc8 Kxc8 39. g5 fxg5 40. fxg5 Kd7 41. h5 e5 42. Nf5 Ke6 43. g6 h6 44. Nxh6 Kf6 45. Ng4+ Kg5 46. Nxe5 Kxh5 47. Kd4 Bg8 48. Kc5 Kg5 49. Kb6 Kf5 50.
Nc6 Bc4 51. g7 Kf6 52. Kxa6 Kxg7 53. Nd4 Kf6 54. Nxb5 Ke6 55. Kb6 Kd7 56. Na7 Bf1 57. a4 Bg2 58. a5 Bf3 59. b5 Bg2 60. Nc6 Kc8 61. a6 1-0

[Event "*** Titled Tuesday 3|2 Blitz"]
[Site "Chess.com"]
[Date "2016.02.02"]
[Round "2"]
[White "E-Shaposhnikov"]
[Black "spectralsoul"]
[Result "1-0"]
[WhiteElo "2516"]
[BlackElo "2550"]
[TimeControl "180+2"]
[EndTime "11:26:49 PST"]
[Termination "E-Shaposhnikov won by resignation"]

1. e4 d6 2. d4 Nf6 3. Nc3 g6 4. Nf3 Bg7 5. Bf4 Nh5 6. Be3 c6 7. h3 Nd7 8. Qd2 Qa5 9. Bd3 O-O 10. a4 b5 11. O-O b4 12. Ne2 c5 13. c3 Rb8 14. c4 cxd4 15. Nexd4 Bb7 16. Nb3 Qc7 17.
Bxa7 Ra8 18. Bd4 e5 19. Be3 Nhf6 20. Qc2 Rfc8 21. Rfe1 Qb8 22. Nbd2 d5 23. exd5 Nxd5 24. Be4 Nxe3 25. Rxe3 Nc5 26. Bxb7 Nxb7 27. Rae1 f6 28. b3 Qc7 29. h4 Bh6 30. R3e2 Rd8 31. h5 Kg7 32.
hxg6 hxg6 33. Ne4 Ra6 34. Rd1 Rxd1+ 35. Qxd1 f5 36. Neg5 e4 37. Qa1+ Kg8 38. Nxe4 fxe4 39. Rxe4 Qf7 40. Ne5 Qf6 41. Qe1 Nc5 42. Ng4 Nxe4 43.
Nxf6+ Nxf6 44. Qxb4 Bf8 45. Qb5 Re6 46. g3 Ne4 47. b4 Nc3 48. Qd7 Re1+ 49. Kg2 Bxb4 50. c5 Rd1 51. Qe6+ Kg7 52. c6 Nd5 53. Qd7+ Kf6 54. c7 1-0

[Event "*** Titled Tuesday 3|2 Blitz"]
[Site "Chess.com"]
[Date "2016.02.02"]
[Round "2"]
[White "RamonManon0g"]
[Black "the_drake"]
[Result "1/2-1/2"]
[WhiteElo "2134"]
[BlackElo "2014"]
[TimeControl "180+2"]
[EndTime "11:26:49 PST"]
[Termination "Game drawn by repetition"]

1. d4 d5 2. Bg5 f6 3. Bh4 Nh6 4. e3 Nf5 5. Bg3 h5 6. Be2 h4 7. Bh5+ Kd7 8. Bf4 g5 9. e4 Ng7 10. Bg4+ Ke8 11. Bd2 dxe4 12. Bxc8 Qxc8 13. Nc3 f5 14.
Bxg5 c5 15. d5 Nd7 16. Nge2 Ne5 17. Nf4 Kf7 18. O-O e6 19. dxe6+ Nxe6 20. Qd5 Bg7 21. Nxe6 Qxe6 22. Qxb7+ Kg6 23. Be3 Rab8 24. Qxa7 Rxb2 25.
Rab1 Rhb8 26. Rxb2 Rxb2 27. Rb1 Rxb1+ 28. Nxb1 c4 29.
h3 Qd5 30. Nc3 Qd8 31. Qa6+ Kh7 32. Qe6 Qa8 33. Qxf5+ Kg8 34. Qxe4 Qa5 35. Bd4 Qc7 36.
Qxh4 Ng6 37. Qe4 Bxd4 38. Qxd4 Nf4 39. Qe4 Qd6 40. Qxc4+ Kh8 41. Ne4 Qd1+ 42. Kh2 Ne2 43. Qc8+ Kg7 44. Qg4+ Kh8 45. Qh5+ Kg7 46. Qg5+ Kh8 47.
Qh6+ Kg8 48. Qg6+ Kh8 49. Qh6+ Kg8 50. Nf6+ Kf7 51. Qh5+ Kxf6 52. Qh4+ Ke5 53. Qh5+ Kd4 54. Qh8+ Kc4 55. Qc8+ Kb4 56. Qb7+ Kc5 57. Qc8+ Kb5 58. Qb7+ Kc5 59. Qc7+ Kb4 60. Qb6+ Kc4 61. Qc6+ Kb4 62. Qb6+ Kc4 63. Qc6+ Kb4 64. Qb6+ 1/2-1/2

[Event "*** Titled Tuesday 3|2 Blitz"]
[Site "Chess.com"]
[Date "2016.02.02"]
[Round "2"]
[White "AlexanderL"]
[Black "Matibar"]
[Result "0-1"]
[WhiteElo "2577"]
[BlackElo "2466"]
[TimeControl "180+2"]
[EndTime "11:27:13 PST"]
[Termination "Matibar won by resignation"]

1. d4 f5 2. Bg5 g6 3. Nd2 Bg7 4. e3 Nc6 5. Ngf3 d6 6. c3 h6 7. Bh4 Nf6 8. Qb3 g5 9. Bg3 e6 10. Bd3 Qe7 11. O-O-O b6 12. h4 g4 13. Ng1 Nh5 14.
Ne2 Bd7 15. Nf4 Nxf4 16. exf4 d5 17. Rde1 O-O 18. f3 h5 19. fxg4 hxg4 20. h5 Bh6 21. Bh4 Qg7 22. g3 Na5 23. Qd1 c5 24.
Nb3 Nxb3+ 25. axb3 cxd4 26. c4 dxc4 27. Bxc4 Rfe8 28. Kb1 b5 29. Bd3 e5 30. fxe5 Rxe5 31.
Rxe5 Qxe5 32. Re1 Be3 33. Bg5 Re8 34. Bf4 Qf6 35. Rf1 Kh8 36. h6 a6 37. Qc2 Bxf4 38.
Rxf4 Re1+ 39. Ka2 Qb6 40. Qd2 Re3 41. Qb4 Qf6 42. Rxd4 Be6 43. Rd6 Kh7 44. Qc5 Re5 45. Qd4 Kxh6 46. Rxa6 Kh5 47. Ra8 Qg7 48. Ra5 Qc7 49.
Qc3 Qxc3 50. bxc3 Re3 51. Bxb5 Rxg3 52. Kb2 Kh4 53. Ra6 Re3 54. c4 g3 55. Bc6 f4 56.
Ra8 f3 57. Rh8+ Kg5 58. Rf8 g2 0-1

[Event "*** Titled Tuesday 3|2 Blitz"]
[Site "Chess.com"]
[Date "2016.02.02"]
[Round "2"]
[White "GianmarcoVaR"]
[Black "JusticeBot"]
[Result "1-0"]
[WhiteElo "2225"]
[BlackElo "2418"]
[TimeControl "180+2"]
[EndTime "11:27:13 PST"]
[Termination "GianmarcoVaR won by checkmate"]

1. d4 Nf6 2. Nf3 e6 3. e3 b6 4.
Bd3 Bb7 5. O-O Be7 6. c4 O-O 7. Nc3 d5 8. b3 c5 9. cxd5 exd5 10. Bb2 Re8 11. Rc1 Nbd7 12. Bf5 Nf8 13. dxc5 bxc5 14. Na4 Qa5 15. Bc3 Qa6 16. Bxf6 Qxf6 17. Bh3 c4 18.
Nd4 Rad8 19. bxc4 dxc4 20. Rxc4 Ba6 21. Rc6 Rxd4 22. Rxf6 Rxd1 23. Rxa6 Rd2 24. Nc3 Bc5 25. Rd1 Rc2 26. Na4 Be7 27. Rxa7 Rxa2 28. g3 h5 29. Bg2 Ng6 30. Bd5 Ra3 31. Ra6 Ne5 32. Rd4 Rd8 33. Ra8 Rxa8 34. Bxa8 Ra2 35. Bd5 Rc2 36. Be4 Ra2 37.
Nc3 Rb2 38. Nd5 Bf8 39. h3 f5 40. Bg2 g6 41. Ra4 Nd3 42. Ra7 Bg7 43. Nf4 Kh7 44. Nxd3 Rd2 45. Nf4 Rd1+ 46. Bf1 Rd2 47. Ne6 Kh6 48.
Nxg7 Rd6 49. h4 f4 50. exf4 Rf6 51. f5 gxf5 52. Ne8 Rf8 53. Nd6 f4 54. Bd3 Rh8 55.
Nf7+ Kg7 56. Nxh8+ Kf6 57. Rf7+ Ke6 58. gxf4 Kd5 59. f5 Kd4 60. Rd7+ Ke5 61. Ng6+ Kf6 62. Rd6+ Kg7 63. f6+ Kh6 64. f7 Kh7 65. Rd8 Kh6 66.
f8=Q+ Kh7 67. Qh8# 1-0

[Event "*** Titled Tuesday 3|2 Blitz"]
[Site "Chess.com"]
[Date "2016.02.02"]
[Round "2"]
[White "Iball95"]
[Black "stepanosinovsky"]
[Result "0-1"]
[WhiteElo "2381"]
[BlackElo "2266"]
[TimeControl "180+2"]
[EndTime "11:27:13 PST"]
[Termination "stepanosinovsky won by resignation"]

1. e4 e5 2. Nf3 Nc6 3. Bc4 Nf6 4.
d3 Be7 5. O-O d5 6. exd5 Nxd5 7.
Re1 Bg4 8. h3 Bh5 9. g4 Bg6 10.
Nxe5 Nxe5 11. Rxe5 Nb6 12. Bb3 O-O 13. Nc3 Kh8 14. Nd5 Bd6 15. Re1 f5 16. Nxb6 axb6 17. g5 f4 18. Qg4 Ra5 19. h4 Bf5 20. Qg2 Qd7 21. Bd2 Bh3 22. Qf3 Bg4 23. Qe4 Re5 24.
Qh1 Bh3 25. Qf3 Bg4 26. Qh1 f3 27. Rxe5 Bxe5 28. Re1 Bd6 29. Bc3 Bh3 30. Re4 Bg2 31. Be6 Qb5 32. a4 Qc6 33. Rc4 Qe8 34. Re4 Qh5 35. Bg4 Qg6 36. Re6 Qf7 37. Rh6 Bxh1 38. g6 Qxg6 39. Rxg6 hxg6 40. Kxh1 Rf4 41. Bc8 Rxh4+ 42.
Kg1 Bh2+ 43. Kf1 Bf4 44. Kg1 Bh2+ 45. Kf1 Be5 46. Kg1 Bxc3 47. bxc3 Rxa4 48. Bxb7 Ra2 49. Bxf3 Rxc2 50. c4 Kg8 51. Be4 Kf7 52. Kg2 Kf6 53.
Kf3 g5 54. Ke3 Rc1 55. Kd2 Rf1 56. Ke2 Ra1 57. Ke3 Ra3 58. Kd4 Ke6 59. Bd5+ Kd6 60. Ke4 c6 61. Bg8 Ra2 62. f3 Re2+ 63. Kf5 Re5+ 64. Kg6 Kc5 65. Kxg7 Kd4 66. Bh7 Ke3 67.
Be4 Rc5 68. Kf6 Kd4 69. Ke6 b5 70. cxb5 cxb5 0-1

[Event "*** Titled Tuesday 3|2 Blitz"]
[Site "Chess.com"]
[Date "2016.02.02"]
[Round "2"]
[White "jcibarra"]
[Black "Imre91"]
[Result "1-0"]
[WhiteElo "2540"]
[BlackElo "2499"]
[TimeControl "180+2"]
[EndTime "11:27:15 PST"]
[Termination "jcibarra won by resignation"]

1. e4 e6 2. d4 d5 3. Nd2 Nc6 4. Ngf3 Nf6 5. e5 Nd7 6. c4 dxc4 7. Nxc4 Nb6 8. a3 Bd7 9. Bd3 Nxc4 10. Bxc4 Ne7 11. Bg5 Bc6 12. O-O h6 13. Be3 Nf5 14.
Rc1 Qd7 15. Qe2 Be7 16. Rfd1 O-O 17. Bd3 Rad8 18. Bb1 Bd5 19. Nd2 f6 20. Ne4 Nxe3 21.
Qxe3 fxe5 22. dxe5 Qb5 23. b4 Qb6 24. Nc5 Bxc5 25. Rxc5 Bc6 26. Rdc1 Rf7 27. h4 a6 28.
f3 Bd5 29. Kh2 c6 30. Qd3 Qc7 31. Qh7+ Kf8 32. Re1 b6 33. Rcc1 Ke7 34. Bg6 Rdf8 35. Bxf7 Rxf7 36. Qg8 Qd8 37. Qxd8+ Kxd8 38. Kg3 Kd7 39.
Red1 Kc7 40. Rd4 Rf5 41. Re1 g5 42. hxg5 hxg5 43. Kg4 Kd7 44. a4 Ke7 45. b5 axb5 46. axb5 Kf7 47. bxc6 Bxc6 48. Rd6 Bb5 49. Rxb6 Bc4 50.
Rc6 Bd5 51. Rd6 Kg6 52. Kg3 Rf8 53. Rd1 Kf5 54. Re1 Ra8 55. Rd7 Kg6 56. Rh1 Kf5 57.
Rh5 Rg8 58. f4 Ke4 59. Rxg5 Ra8 60. Kg4 Bc4 61. Rgg7 Ra3 62. g3 Be2+ 63. Kh4 Ra1 64. Kg5 Rg1 65. Kf6 Bc4 66. Rde7 Rh1 67. Rg6 Rh8 68. Rxe6 1-0

[Event "*** Titled Tuesday 3|2 Blitz"]
[Site "Chess.com"]
[Date "2016.02.02"]
[Round "2"]
[White "Boryboy"]
[Black "lorcho"]
[Result "0-1"]
[WhiteElo "2482"]
[BlackElo "2598"]
[TimeControl "180+2"]
[EndTime "11:27:17 PST"]
[Termination "lorcho won by checkmate"]

1. Nf3 e6 2. d4 d5 3. g3 Nf6 4.
Bg2 c5 5. O-O Nc6 6. c4 Be7 7.
cxd5 exd5 8. Nc3 O-O 9. Bg5 cxd4 10. Nxd4 h6 11. Be3 Bg4 12. Rc1 Qd7 13. Qd2 Rfe8 14. Rfd1 Rad8 15. Nxc6 bxc6 16. Na4 Bh3 17. Bh1 Ng4 18.
Bd4 Bf8 19. Nc5 Bxc5 20. Rxc5 Re6 21. Rdc1 Rde8 22. Bf3 Nf6 23. Qc2 Ne4 24. Rxc6 Ng5 25. Rxe6 Qxe6 26. Qd2 Ne4 27. Qf4 Ng5 28. Qd2 Nxf3+ 29.
exf3 Qe2 30. Qxe2 Rxe2 31. a3 a6 32. Bc3 f6 33. Rd1 Rc2 34. Re1 Kf7 35. a4 h5 36.
a5 h4 37. g4 Kg6 38. Rd1 Kf7 39. Re1 Kg6 40. Rd1 Kh7 41. Re1 Kg8 42. Rd1 Kf8 43.
Re1 Kf7 44. Bd4 Rc4 45. Rd1 Rc2 46. Bc3 Kg6 47. Rf1 Bxf1 48. Kxf1 h3 49. f4 Rc1+ 50.
Ke2 Rh1 51. b4 Rxh2 52. b5 Rh1 53. bxa6 h2 54. a7 Rc1 55. a8=Q h1=Q 56. Bd2 Qe4+ 57. Be3 Rc2+ 58. Kd1 Qd3+ 59. Ke1 Qe2# 0-1

[Event "*** Titled Tuesday 3|2 Blitz"]
[Site "Chess.com"]
[Date "2016.02.02"]
[Round "2"]
[White "mssjust"]
[Black "HansCoolNiemann"]
[Result "1-0"]
[WhiteElo "2433"]
[BlackElo "2214"]
[TimeControl "180+2"]
[EndTime "11:27:35 PST"]
[Termination "mssjust won by checkmate"]

1. e4 e6 2. d4 d5 3. Nd2 c5 4. exd5 Qxd5 5. Ngf3 cxd4 6. Bc4 Qd6 7. O-O Nf6 8. Nb3 Nc6 9. Nbxd4 Nxd4 10. Qxd4 Qxd4 11. Nxd4 Bd7 12. Bf4 Rc8 13. Bb3 Bc5 14. Rad1 O-O 15. c3 Rfe8 16. Rfe1 h6 17. Be5 Ng4 18. Bg3 Rcd8 19. h3 Nf6 20. Be5 Bc8 21. Nb5 Rxd1 22. Rxd1 Ne4 23. Bd4 Rd8 24. Bxc5 Rxd1+ 25. Bxd1 Nxc5 26.
Nxa7 Bd7 27. b4 Ne4 28. c4 Kf8 29. c5 Ke7 30. Bf3 f5 31. Bxe4 fxe4 32. b5 Kd8 33. Kf1 Kc7 34. b6+ Kd8 35. Ke2 Ba4 36. Ke3 Kd7 37.
Kxe4 Bc2+ 38. Ke5 Ba4 39. f4 h5 40. g4 h4 41. f5 exf5 42. Kxf5 Bc2+ 43. Kg5 Bb1 44. a4 Ba2 45. Kxh4 Bd5 46. Kg5 Ke7 47. c6 Kd6 48. c7 Be6 49. c8=Q Bxc8 50. Nxc8+ Kc5 51.
Kg6 Kb4 52. Kxg7 Kxa4 53. Nd6 Ka5 54. Nxb7+ Kxb6 55. Nd6 Kc6 56. Nf7 Kd5 57. h4 Kd4 58. h5 Ke4 59. h6 Kf4 60. h7 Kxg4 61. h8=Q Kg3 62. Qh5 Kg2 63. Qh4 Kf1 64. Qh3+ Kg1 65.
Ne5 Kf2 66. Qf3+ Ke1 67. Qg2 Kd1 68. Nf3 Kc1 69. Qd2+ Kb1 70. Nd4 Ka1 71. Qc3+ Ka2 72. Qb3+ Ka1 73. Nc2# 1-0

[Event "*** Titled Tuesday 3|2 Blitz"]
[Site "Chess.com"]
[Date "2016.02.02"]
[Round "2"]
[White "Zkid"]
[Black "KNVB"]
[Result "1/2-1/2"]
[WhiteElo "2533"]
[BlackElo "2387"]
[TimeControl "180+2"]
[EndTime "11:27:48 PST"]
[Termination "Game drawn by repetition"]

1. e4 b6 2. d4 Bb7 3. Bd3 e6 4. Qe2 d5 5. e5 c5 6. c3 Qc8 7. Be3 Ba6 8. f4 Bxd3 9. Qxd3 Qa6 10. Qxa6 Nxa6 11. Nf3 h5 12. Nbd2 Nh6 13. h3 Nf5 14.
Bf2 h4 15. a4 c4 16. Ke2 Be7 17. b3 cxb3 18. Rhb1 Kd7 19. Rxb3 Rab8 20. Kd3 Rhc8 21.
Rab1 Nc7 22. Nf1 Rh8 23. Ne3 Nxe3 24. Kxe3 g6 25. Kd3 Kc6 26. Ne1 Ne8 27. Nc2 Ng7 28.
Ne3 Nf5 29. Rc1 Kd7 30. c4 Nxe3 31. Bxe3 dxc4+ 32. Rxc4 Rhc8 33. Rbc3 Rxc4 34. Rxc4 a6 35. Ke4 b5 36. axb5 Rxb5 37. Ra4 a5 38. Bd2 Bb4 39.
Be3 Kc6 40. Kd3 Kd5 41. Ra1 Be7 42. Bd2 Rb3+ 43. Kc2 Ra3 44. Rb1 Bb4 45. Bxb4 axb4 46. Rxb4 Rg3 47. Rb7 Rxg2+ 48. Kd3 Rg3+ 49. Ke2 Rxh3 50.
Rxf7 Kxd4 51. Rf6 Rg3 52. Rxe6 h3 53. Re8 Ke4 54. e6 Rg2+ 55. Kf1 Kf3 56. Rh8 Rf2+ 57. Kg1 Rg2+ 58. Kh1 Kg3 59. Rh6 Rh2+ 60. Kg1 Rg2+ 61.
Kf1 Rf2+ 62. Ke1 Rxf4 63. Rxg6+ Kf3 64. Rh6 Kg2 65. Rg6+ Kf3 66. Rh6 Kg3 67. Rg6+ Kf3 68. Rh6 Kg2 69. Rg6+ Kf3 70. Rh6 Kg2 1/2-1/2

[Event "*** Titled Tuesday 3|2 Blitz"]
[Site "Chess.com"]
[Date "2016.02.02"]
[Round "2"]
[White "Alexander_Donchenko"]
[Black "DrVitman"]
[Result "1-0"]
[WhiteElo "2523"]
[BlackElo "2069"]
[TimeControl "180+2"]
[EndTime "11:28:28 PST"]
[Termination "Alexander_Donchenko won by resignation"]

1. d4 Nf6 2. c4 e5 3. dxe5 Ng4 4. Nf3 Bc5 5. e3 Nc6 6. Nc3 Ngxe5 7. Be2 O-O 8. Nd4 Qh4 9. Nd5 Nxd4 10. exd4 Bxd4 11.
Be3 Bxe3 12. Nxe3 d6 13. O-O Ng6 14. g3 Qg5 15. Bf3 Re8 16. Re1 Qd8 17. b3 Rb8 18.
Qd4 b6 19. Nd5 Rxe1+ 20. Rxe1 Bb7 21. Bg2 Bxd5 22. Qxd5 Qd7 23. Qe4 a5 24. h4 Nf8 25.
Kh2 Qe6 26. Qb1 Qf6 27. Kg1 g6 28. Qe4 Ne6 29. Qc6 Qd8 30. Bh3 Nf8 31. Re3 h5 32. Bg2 Nh7 33. Qe4 Kg7 34. Qd4+ Qf6 35. Qd5 Qd8 36.
Rf3 Nf6 37. Qd4 Qe7 38. Rf4 Re8 39. Bc6 Rd8 40. Qb2 Qe5 41. Qd2 d5 42. cxd5 Rd6 43. Rd4 Ne4 44. Qe3 f5 45. Rd1 Qf6 46. Kg2 Nc5 47. Re1 Rd8 48. Qe7+ Qxe7 49. Rxe7+ Kf6 50. Rxc7 Nd3 51. Rb7 Nb4 52. Rxb6 Nxa2 53. Be8+ Ke5 54. Bxg6 Rxd5 55. Bxh5 Nc1 56. b4 a4 57. Ra6 Rd2 58. Ra5+ Kf6 59. Rxa4 Nd3 60. Kf3 Nxf2 61. Ra6+ Ke5 62.
Ra5+ Kf6 63. Kf4 Nh3+ 64. Ke3 Rb2 65. Ra6+ Ke5 66. Ra5+ Kf6 67. Rb5 Nf2 68. Rb6+ Ke5 69. Rb5+ Kf6 70. Rb8 Nh1 71. Kf4 Rf2+ 72. Bf3 Rf1 73.
b5 Nf2 74. b6 Nd3+ 75. Ke3 Nc5 76. b7 1-0

[Event "*** Titled Tuesday 3|2 Blitz"]
[Site "Chess.com"]
[Date "2016.02.02"]
[Round "2"]
[White "APL2001"]
[Black "Journey_to_GrandMaster_YT"]
[Result "1/2-1/2"]
[WhiteElo "2149"]
[BlackElo "2281"]
[TimeControl "180+2"]
[EndTime "11:28:44 PST"]
[Termination "Game drawn by repetition"]

1. e4 e5 2. Nf3 Nc6 3. Bb5 a6 4. Ba4 Nf6 5. d4 exd4 6. O-O Be7 7. e5 Ne4 8. Nxd4 O-O 9. Re1 Nxd4 10. Rxe4 Ne6 11.
Re1 d6 12. Nc3 dxe5 13. Qxd8 Rxd8 14. Rxe5 Bf6 15. Re1 h6 16. Bb3 Nd4 17. Be3 Nxb3 18. axb3 Bf5 19. Rac1 Rd7 20. Na4 b6 21. c4 Rad8 22. Nc3 Rd3 23. Red1 Rxd1+ 24. Rxd1 Rxd1+ 25. Nxd1 Bc2 26. Nc3 Bxb3 27. Nd5 Bxc4 28. Nxf6+ gxf6 29. Bxh6 b5 30. b4 Kh7 31. Be3 Kg6 32. g4 f5 33. f3 fxg4 34. fxg4 f5 35. g5 Kh5 36. Kf2 Kg4 37. g6 f4 38. Bd4 Bd5 39. g7 c6 40.
Be5 Kf5 41. Bc3 Ke4 42. h4 Kf5 43. Bd4 Kg4 44. Bf6 Kh5 45. Ke2 Kg6 46. Be5 Kf5 47. Bc3 Kg4 48. Be5 f3+ 49. Kf2 Kxh4 50. g8=Q Bxg8 51.
Kxf3 Kg5 52. Ke3 Kf5 53. Bc7 Ke6 54. Kd4 Kd7 55. Bb6 Kc8 56. Kc5 Kb7 57. Bd8 Bc4 58.
Ba5 Bd5 59. Bd8 Kc8 60. Ba5 Kb7 61. Bd8 Bb3 62. Ba5 Ba2 63. Bd8 Bc4 64. Ba5 Bd5 1/2-1/2

[Event "*** Titled Tuesday 3|2 Blitz"]
[Site "Chess.com"]
[Date "2016.02.02"]
[Round "2"]
[White "kesarev"]
[Black "MasterLeif"]
[Result "0-1"]
[WhiteElo "2178"]
[BlackElo "2355"]
[TimeControl "180+2"]
[EndTime "11:29:19 PST"]
[Termination "MasterLeif won by resignation"]

1. e4 e5 2. d4 exd4 3. Qxd4 Nc6 4. Qe3 Nf6 5. Nc3 Bb4 6. Bd2 O-O 7. O-O-O Re8 8. Qg3 Rxe4 9. a3 Ba5 10. f3 Re8 11. h4 d6 12. Nh3 Bf5 13. Qf4 Bxh3 14. Rxh3 Bxc3 15. Bxc3 Qe7 16. Rg3 Ne5 17. Qg5 Ng6 18.
h5 h6 19. Bxf6 hxg5 20. Bxe7 Nxe7 21. Rxg5 Nc6 22. f4 Rad8 23. Bd3 Kf8 24. Kd2 Nd4 25.
c3 Ne6 26. Rg4 Nc5 27. Bc2 Ne4+ 28. Bxe4 Rxe4 29. Re1 Rde8 30. Rxe4 Rxe4 31. Kd3 d5 32. Rg5 c6 33. g3 f6 34. Rg6 Kf7 35. b3 Re1 36. Rg4 Rg1 37. Kd4 b6 38. c4 dxc4 39. Kxc4 Rh1 40. f5 Rxh5 41. Rd4 Ke7 42. g4 Rh1 43.
Re4+ Kd7 44. Rd4+ Kc7 45. Re4 Rc1+ 46. Kd3 Rd1+ 47. Kc4 Rd7 48. Re8 a5 49. a4 Rd1 50.
Rg8 Rd7 51. Kc3 Re7 52. Kd4 Kd6 53. Rd8+ Rd7 54. Rg8 b5 55. axb5 cxb5 56. Ra8 Kc6+ 57. Kc3 Kb6 58. Rb8+ Ka6 59. Ra8+ Kb6 60. Rb8+ Rb7 61.
Ra8 Rc7+ 62. Kd4 Rd7+ 63. Ke4 Rd1 64. Rb8+ Kc5 65. Rc8+ Kb4 66. Rb8 Rb1 67. Rg8 Rxb3 68.
Rxg7 a4 69. g5 fxg5 70. f6 Rb1 71. Rxg5 Re1+ 72. Kd5 a3 73. Rg4+ Kb3 74. Rf4 Re8 75. Kc5 a2 76. Rf1 b4 77. f7 Rf8 78. Rf3+ Kb2 79.
Rf2+ Ka3 80. Rf1 b3 81. Kc4 b2 82. Rf3+ Ka4 83. Rf6 Rc8+ 84. Kd3 a1=Q 85. Ra6+ Kb3 86. Rb6+ Ka2 87. Ra6+ Kb1 88. Rc6 Rf8 0-1

[Event "*** Titled Tuesday 3|2 Blitz"]
[Site "Chess.com"]
[Date "2016.02.02"]
[Round "3"]
[White "Spinaltap"]
[Black "LuckyTiger"]
[Result "0-1"]
[WhiteElo "2392"]
[BlackElo "2485"]
[TimeControl "180+2"]
[EndTime "11:33:49 PST"]
[Termination "LuckyTiger won by resignation"]

1. d4 Nf6 2. c4 c5 3. d5 b5 4. Qc2 d6 5. e4 b4 6. h3 g6 7. Nf3 Bg7 8. Bd3 O-O 9. O-O a5 10. Bf4 e5 11. dxe6 Bxe6 12. Nbd2 Nc6 13. Rad1 Nd7 14.
Bxd6 Re8 15. e5 Ndxe5 16. Nxe5 Nd4 17. Qc1 Qxd6 18. Nef3 Bf5 19. Bxf5 Ne2+ 0-1

[Event "*** Titled Tuesday 3|2 Blitz"]
[Site "Chess.com"]
[Date "2016.02.02"]
[Round "3"]
[White "ikhasu"]
[Black "oggy1984"]
[Result "1-0"]
[WhiteElo "2222"]
[BlackElo "2171"]
[TimeControl "180+2"]
[EndTime "11:33:55 PST"]
[Termination "ikhasu won by resignation"]

1. e4 c6 2. d4 d5 3. Nc3 dxe4 4. Nxe4 Bf5 5. Ng3 Bg6 6. h4 h6 7. Nf3 Nd7 8. h5 Bh7 9. Bd3 Bxd3 10. Qxd3 Ngf6 11.
Bd2 e6 12. O-O-O Be7 13. Qe2 O-O 14. Nf1 Qc7 15. g4 c5 16. g5 hxg5 17. Bxg5 cxd4 18. h6 gxh6 19. Bxh6 Rfc8 20. Ne3 Ne5 21. Nxe5 Qxe5 22. Rdg1+ Kh7 23. Bg7+ 1-0

[Event "*** Titled Tuesday 3|2 Blitz"]
[Site "Chess.com"]
[Date "2016.02.02"]
[Round "3"]
[White "BillieKimbah"]
[Black "MasterLeif"]
[Result "1-0"]
[WhiteElo "2413"]
[BlackElo "2347"]
[TimeControl "180+2"]
[EndTime "11:34:49 PST"]
[Termination "BillieKimbah won by resignation"]

1. d4 d5 2. Nf3 Nf6 3. Bf4 Bf5 4. e3 e6 5. c4 c6 6. Qb3 Qb6 7. c5 Qxb3 8. axb3 Nbd7 9. b4 Bxb1 10. Rxb1 a6 11. h3 Be7 12. Nd2 O-O 13. Nb3 Bd8 14. Ra1 h6 15. b5 cxb5 16. Bxb5 Nb8 17. Bd6 Nc6 18. Bxf8 Kxf8 19. Bxc6 bxc6 20. Na5 Bxa5+ 21. Rxa5 Nd7 22. Kd2 Ra7 23. Rha1 Nb8 24. R1a3 Rb7 25. Kc2 Ke7 26. Rb3 1-0

[Event "*** Titled Tuesday 3|2 Blitz"]
[Site "Chess.com"]
[Date "2016.02.02"]
[Round "3"]
[White "rikyshi"]
[Black "MITerryble"]
[Result "0-1"]
[WhiteElo "2071"]
[BlackElo "2605"]
[TimeControl "180+2"]
[EndTime "11:35:38 PST"]
[Termination "MITerryble won on time"]

1. e4 e6 2. d4 d5 3. Nc3 Nf6 4. Bg5 Bb4 5. e5 h6 6. Be3 Ne4 7. Qg4 Kf8 8. a3 Bxc3+ 9. bxc3 Nxc3 10. Bd3 c5 11. dxc5 Nc6 12. Nf3 f5 13. Qh5 Qe8 14. Qxe8+ Kxe8 15. O-O g5 16. Bd4 Ne4 17. c3 Bd7 18.
Bxe4 dxe4 19. Nd2 Nxd4 20. cxd4 Bb5 21. Rfb1 Ba6 22. Rb4 Rd8 23. Re1 Rh7 24. f3 Rhd7 25. Nb3 Bd3 26. fxe4 Bxe4 27. Kf2 Kf7 0-1

[Event "*** Titled Tuesday 3|2 Blitz"]
[Site "Chess.com"]
[Date "2016.02.02"]
[Round "3"]
[White "Zkid"]
[Black "Saitama_Hero"]
[Result "1-0"]
[WhiteElo "2539"]
[BlackElo "2071"]
[TimeControl "180+2"]
[EndTime "11:35:38 PST"]
[Termination "Zkid won by resignation"]

1. e4 d6 2. d4 Nf6 3. Nc3 c6 4. f4 Qa5 5. Nf3 Nxe4 6. Bd3 Nxc3 7. bxc3 Bg4 8. O-O e6 9. Rb1 Qc7 10. f5 e5 11. dxe5 dxe5 12. f6 Bc5+ 13. Kh1 gxf6 14. Qe1 Nd7 15. h3 Be6 16. Nd2 f5 17. Bxf5 Bxf5 18.
Rxf5 O-O-O 19. Ne4 Bb6 20. Ba3 Nf8 21. c4 Bd4 22. c3 Bb6 23. c5 Ba5 24. Nd6+ Rxd6 25. cxd6 Qd7 26. Qf1 Ng6 27. Rxf7 Qe6 28. Rfxb7 Bb6 29.
R1xb6 axb6 30. Qa6 1-0

[Event "*** Titled Tuesday 3|2 Blitz"]
[Site "Chess.com"]
[Date "2016.02.02"]
[Round "3"]
[White "GMG"]
[Black "VSERGUEI"]
[Result "0-1"]
[WhiteElo "2434"]
[BlackElo "2412"]
[TimeControl "180+2"]
[EndTime "11:35:50 PST"]
[Termination "VSERGUEI won by resignation"]

1. d4 d5 2. Bf4 Nf6 3. e3 c5 4. Nc3 a6 5. dxc5 Nc6 6. Nf3 Bg4 7. h3 Bxf3 8. gxf3 e6 9. Na4 Bxc5 10. Nxc5 Qa5+ 11.
c3 Qxc5 12. Rg1 O-O 13. Bh6 Ne8 14. f4 Kh8 15. Qg4 gxh6 16. Bd3 f5 17. Qh4 Qe7 18. Qxh6 Nf6 19. O-O-O Rg8 20. Rg5 Ne4 21. Bxe4 fxe4 22.
Rdg1 Qf7 23. h4 Ne7 24. Rxg8+ Rxg8 25. Rxg8+ Kxg8 26. Qg5+ Qg7 27. Qh5 Qg1+ 28. Kc2 Qxf2+ 29. Kb3 Ng6 30. Qg5 Qxe3 31. h5 Qxf4 32. Qd8+ Qf8 33. Qg5 Qf5 34. Qd8+ Nf8 0-1

[Event "*** Titled Tuesday 3|2 Blitz"]
[Site "Chess.com"]
[Date "2016.02.02"]
[Round "3"]
[White "E-Shaposhnikov"]
[Black "GMVar"]
[Result "0-1"]
[WhiteElo "2508"]
[BlackElo "2709"]
[TimeControl "180+2"]
[EndTime "11:35:54 PST"]
[Termination "GMVar won by resignation"]

1. e4 e6 2. d3 d5 3. Qe2 Nf6 4. Nf3 c5 5. g3 Nc6 6. Bg2 Be7 7. O-O O-O 8. e5 Nd7 9. c4 d4 10. h4 a6 11. Bf4 b5 12. Nbd2 Bb7 13. Nh2 Qc7 14.
Rae1 Nb4 15. a3 Bxg2 16. Kxg2 Nc6 17. Qh5 bxc4 18. Nxc4 Nb6 19. Nxb6 Qxb6 20. Re2 Rab8 21. Ng4 Qb3 22. Rd2 Qd5+ 23. f3 f5 24. Nf2 g6 25.
Qh6 Nd8 0-1

[Event "*** Titled Tuesday 3|2 Blitz"]
[Site "Chess.com"]
[Date "2016.02.02"]
[Round "3"]
[White "jcgs1030"]
[Black "Cecile_Haussernot"]
[Result "1-0"]
[WhiteElo "2205"]
[BlackElo "2171"]
[TimeControl "180+2"]
[EndTime "11:36:00 PST"]
[Termination "jcgs1030 won by resignation"]

1. e4 c5 2. Nf3 d6 3. d4 cxd4 4. Nxd4 Nf6 5. Nc3 a6 6. h3 e5 7. Nde2 Be7 8. g4 Be6 9. f4 exf4 10. Nxf4 Nc6 11. Bg2 Ne5 12. g5 Nfd7 13. h4 Bg4 14.
Qd4 Bf3 15. O-O Bxg2 16. Kxg2 Bxg5 17. Nh5 Bxc1 18. Nxg7+ Ke7 19. Nd5+ Kf8 20. Ne6+ Ke8 21. Nxd8 Rg8+ 22. Kh1 Bh6 23. Nxb7 Rg4 24. Nxd6+ Kd8 25. Qc3 Rxh4+ 26. Kg2 Rg4+ 27. Kh3 Rc8 1-0